AoeStats
← tony le gros rou

MegaRandom

505843067Analyzed
3v3 RM · 22d ago on Sep 11, 2026· 29m 33s· 6 players
Game mode
Random Map
Map size
Normal (6 player)
Population
200
Speed
Normal
Resources
Standard
Victory
Conquest
Starting age
Dark Age
Ending age
Imperial Age
RankedLock teamsTeams togetherTeam positionsShared explorationLock speedFull tech treeHidden civsTurbo modeCheats
Victory
Defeat
🇫🇷 Wei · France
1630
+10
🇫🇷 Sicilians · France
1453
+17
🇫🇷 Portuguese · France
1427
+19
🇦🇺 Spanish · Australia
1520
-16
🇦🇺 Huns · Australia
1518
-17
🇦🇺 Celts · Australia
1427
-13
Lloydy_23
7:49 Loom
9:39 Feudal Age
10:27 Double-Bit Axe
12:33 Fletching
21:15 Castle Age
21:17 Crossbowman
21:54 Bodkin Arrow
25:58 Padded Archer Armor
Stev
6:24 Loom
6:32 Loom
9:11 Feudal Age
13:03 Fletching
19:46 Padded Archer Armor
20:46 Double-Bit Axe
26:19 Castle Age
26:27 Elite Skirmisher
27:03 Bodkin Arrow
28:35 Leather Archer Armor
Aido
6:58 Loom
9:18 Feudal Age
10:12 Double-Bit Axe
10:08 Horse Collar
16:17 Forging
18:29 Wheelbarrow
18:34 Wheelbarrow
22:06 Castle Age
20:29 Gold Mining
20:56 Scale Barding Armor
21:07 Fletching
22:10 Light Cavalry
23:16 Chain Barding Armor
23:10 Bow Saw
23:29 Husbandry
25:39 Town Watch
26:34 Stone Mining
30:02 Iron Casting
-2n+2q
8:22 Feudal Age
9:10 Double-Bit Axe
9:31 Horse Collar
10:07 Loom
15:51 Gold Mining
16:32 Scale Barding Armor
17:16 Bloodlines
21:06 Castle Age
19:51 Forging
21:48 Husbandry
21:08 Light Cavalry
22:12 Chain Barding Armor
22:27 Iron Casting
22:24 Bow Saw
23:34 Gold Shaft Mining
30:11 Heavy Plow
tony le gros rou
7:01 Loom
9:16 Feudal Age
12:42 Fletching
24:14 Castle Age
23:12 Padded Archer Armor
23:13 Double-Bit Axe
23:09 Horse Collar
24:26 Crossbowman
25:48 Bodkin Arrow
ccereal
6:52 Loom
9:08 Feudal Age
9:38 Double-Bit Axe
13:33 Fletching
21:57 Wheelbarrow
25:26 Castle Age
23:31 Horse Collar
23:45 Gold Mining
24:36 Padded Archer Armor
25:30 Crossbowman
26:06 Bodkin Arrow
27:31 Ballistics
Connection lost

Rejoining the realm…

Still unreachable

The connection could not be restored.

Session expired

The server has moved on; the page needs a fresh start.